 Dungeon Crawl Stone Soup version 0.19.0-19-g8c6edcc (webtiles) character file.

216 nikopol the Skirmisher (level 5, 0/34 HPs)
             Began as a Gargoyle Berserker on Nov 15, 2016.
             Was a Believer of Trog.
             Slain by an orc
             ... wielding a +0 war axe
              (4 damage)
             ... on level 3 of the Dungeon.
             The game lasted 00:05:41 (1470 turns).

nikopol the Skirmisher (Gargoyle Berserker)         Turns: 1470, Time: 00:05:42

Health: 0/34       AC: 13    Str: 20    XL:     5   Next: 93%
Magic:  5/5        EV: 10    Int:  8    God:    Trog [**....]
Gold:   128        SH:  0    Dex: 10    Spells: 0 memorised, 4 levels left

rFire  . . .     SeeInvis .     a - +0 hand axe
rCold  . . .     Gourm    .     e - +0 scale mail (curse)
rNeg   + . .     Faith    .     (no shield)
rPois  ∞         Spirit   .     (no helmet)
rElec  +         Reflect  .     (no cloak)
rCorr  .         Harm     .     (no gloves)
MR     .....                    k - +1 pair of boots
Stlth  ..........               (no amulet)
                                (no ring)
                                (no ring)

@: no status effects
A: negative energy resistance 1, electricity resistance, unbreathing,
petrification resistance, rot immunity, AC +4
a: Berserk, Trog's Hand, Burn Spellbooks, Renounce Religion


You were on level 3 of the Dungeon.
You worshipped Trog.
Trog was pleased with you.
You were not hungry.

You visited 1 branch of the dungeon, and saw 3 of its levels.

You collected 128 gold pieces.

Inventory:

Hand Weapons
 a - a +0 hand axe (weapon)
Armour
 b - a +0 animal skin
 e - a cursed +0 scale mail (worn)
 k - a +1 pair of boots (worn)
Scrolls
 d - a scroll of amnesia
 f - a scroll of enchant armour
 h - a scroll of identify
 l - a scroll of remove curse
Potions
 m - a potion of beneficial mutation {unknown}
 n - a potion of lignification {unknown}
 o - a potion of agility {unknown}
 p - 2 potions of degeneration
 q - a potion of mutation {unknown}
 u - a potion of haste {unknown}
Comestibles
 c - 4 bread rations
 s - a chunk of flesh


   Skills:
 + Level 4.4 Fighting
 + Level 3.9 Axes
 + Level 3.6 Armour
 + Level 2.6 Dodging


You had 4 spell levels left.
You didn't know any spells.

Dungeon Overview and Level Annotations

Branches:
Dungeon (3/15)

Altars:


Innate Abilities, Weirdness & Mutations

You are resistant to torment.
Your stone body is resilient. (AC +4)
You are immune to poison.
You resist negative energy. (rN+)
You are resistant to electric shocks. (rElec)
You can survive without breathing.
You are immune to petrification.
You are immune to rotting.


Message History

You are too injured to fight recklessly!
You are too injured to fight recklessly!
You are too injured to fight recklessly!
The orc barely misses you.
Items here: $ % ) [ a dagger; a robe; 17 gold pieces; a chunk of flesh You are too injured to fight recklessly!
You are too injured to fight recklessly!
You are too injured to fight recklessly!
You are too injured to fight recklessly!
You are too injured to fight recklessly!
You are too injured to fight recklessly!
You slash the orc!
You kill the orc!
Trog accepts your kill.
You barely miss the orc. The orc closely misses you.
An orc comes into view. It is wielding a dagger.
Your scale mail prevents you from hitting the orc.
The orc hits you with a war axe.
You die...

...##....#..#
.........#..#
...>........#
#...........###
#...$.........##
#.###......#..#S?.
...................
........[..<##...
##.###..#)@.# #. #
#..#))o### ##
#......†.# ...
#.##.#...####.. .
#.#...........# ..####
.)#........o###.#..#..
.##..............#....
.............##
#...#..
....####.......#
..#....


You could see 2 orcs.

Vanquished Creatures
  A crimson imp (D:3)
  3 orc wizards (D:3)
  3 adders
  A worm (D:3)
  2 dart slugs
  3 leopard geckos
  5 orcs (D:3)
  3 giant cockroaches
  8 goblins
  5 hobgoblins
  12 bats
  4 frilled lizards
  8 kobolds
  8 rats
66 creatures vanquished.

Notes
Turn   | Place    | Note
-------+----------+-------------------------------------------
     0 | D:1      | nikopol the Gargoyle Berserker began the quest for the Orb.
     0 | D:1      | Reached XP level 1. HP: 14/14 MP: 1/1
   215 | D:1      | Reached XP level 2. HP: 19/19 MP: 2/2
   575 | D:1      | Reached XP level 3. HP: 18/23 MP: 3/3
   864 | D:2      | Reached ** piety under Trog
   984 | D:2      | Reached XP level 4. HP: 28/28 MP: 4/4
  1223 | D:3      | Reached skill level 4 in Fighting
  1364 | D:3      | Reached XP level 5. HP: 11/33 MP: 5/5
  1470 | D:3      | Slain by an orc

Skill      XL: |  1  2  3  4 |
---------------+-------------+-----
Axes           | 3 |  3.9
Dodging        | 2 |  2.6
Fighting       | 4 |  4.4
Armour         | 3 |  3.6

Action                   |  1- 3 |  4- 6 || total
-------------------------+-------+-------++-------
Melee: Hand axe          |   112 |    84 ||   196
Invok: Berserk           |       |     2 ||     2
  Use: Scroll            |       |    10 ||    10
  Eat: Chunk             |       |     4 ||     4
Armor: Animal skin       |    45 |    21 ||    66
       Scale mail        |       |    24 ||    24
Dodge: Dodged            |   114 |    66 ||   180
